 Dungeon Crawl Stone Soup version 0.26-a0-652-gafc20e3620 (webtiles) character file.

Game seed: 3021324598976474057

155 DoubleLucky the Caller (level 5, -9/28 HPs)
             Began as a Tengu Summoner on Oct 2, 2020.
             Splashed by Ijyb's acid (13 damage)
             ... on level 4 of the Dungeon.
             The game lasted 00:18:34 (3953 turns).

DoubleLucky the Caller (Tengu Summoner)             Turns: 3953, Time: 00:18:34

Health: -9/28      AC:  0    Str:  8    XL:     5   Next: 37%
Magic:  5/11       EV: 15    Int: 17    God:
Gold:   166        SH:  0    Dex: 14    Spells: 4/10 levels left

rFire    . . .     SeeInvis .   s - +0 trident
rCold    . . .     Faith    .   (no shield)
rNeg     . . .     Spirit   .   n - +0 robe
rPois    .         Reflect  .   (helmet restricted)
rElec    .         Harm     .   d - +1 cloak {Stlth+}
rCorr    .         Rampage  .   (no gloves)
MR       .....                  (boots unavailable)
Stlth    ++........             (no amulet)
HPRegen  0.09/turn              (no ring)
MPRegen  0.12/turn              (no ring)

@: corroded, flying quickly and evasively, quick
A: beak, talons 3, able to fly
a: Stop Flying


You were on level 4 of the Dungeon.
You visited 1 branch of the dungeon, and saw 4 of its levels.

You collected 166 gold pieces.

Inventory:

Hand Weapons
 s - a +0 trident (weapon)
Missiles
 i - 70 stones (quivered)
Armour
 c - a +0 leather armour
 d - a +1 cloak of stealth (worn)
 n - a +0 robe (worn)
Jewellery
 h - an uncursed ring of ice {unknown}
Scrolls
 a - a scroll of identify {unknown}
 b - 2 scrolls of teleportation
 e - 2 scrolls of remove curse
 g - 2 scrolls of enchant armour
 j - a scroll of magic mapping {unknown}
 k - a scroll of immolation {unknown}
 l - 4 scrolls of amnesia {unknown}
 p - a scroll of random uselessness {unknown}
 q - a scroll of enchant weapon {unknown}
 r - 2 scrolls of blinking
Potions
 f - a potion of curing
 m - a potion of invisibility {unknown}


   Skills:
 + Level 2.1 Polearms
 - Level 2.1 Dodging
 - Level 2.0 Stealth
 + Level 3.4 Spellcasting
 + Level 6.2 Summonings


You had 4 spell levels left.
You knew the following spells:

 Your Spells              Type           Power        Failure   Level
a - Summon Small Mammal   Summ           ###.         1%          1
b - Call Imp              Summ           ###.....     1%          2
c - Call Canine Familiar  Summ           ###.....     4%          3

Your spell library contained the following spells:

 Spells                   Type           Power        Failure   Level
 Summon Guardian Golem    Hex/Summ       ##......     14%         3
 Summon Ice Beast         Ice/Summ       ##......     43%         4
 Summon Lightning Spire   Summ/Air       ##......     43%         4


Dungeon Overview and Level Annotations

Branches:
Dungeon (4/15)
 Temple: D:4-7

Altars:
Dithmenos
Okawaru

Annotations:
D:2 3 exclusions, Jessica
D:4 Ijyb


Innate Abilities, Weirdness & Mutations

You have a beak for a mouth.
You have claws for feet.
You can fly continuously.


Message History

The bolt of acid hits your quokka!!
Your quokka is splashed with acid.
The acid corrodes your quokka!
Your quokka dies!
Your quokka's corpse disappears in a puff of smoke!
Ijyb shouts!
Casting: Summon Small Mammal (safe; 1% risk of failure)
Confirm with . or Enter, or press ? or * to list all spells.
Your bat hits Ijyb but does no damage.
Ijyb zaps a wand.
The bolt of acid hits your bat!!
Your bat is splashed with acid!
The acid corrodes your bat!
Your bat dies!
Your bat's corpse disappears in a puff of smoke!
The bolt of acid misses you.
Casting: Summon Small Mammal (safe; 1% risk of failure)
Confirm with . or Enter, or press ? or * to list all spells.
Ijyb zaps a wand.
The bolt of acid hits you!!
Ouch! That really hurt!
* * * LOW HITPOINT WARNING * * *
The acid corrodes you!
You are splashed with acid!
You die...

#..# #.####
#..####h#...
#......#....
#.#####.#.##
#.#####.#.#
#########
#.........##
....g§gh#
######......
#§###########.####
#@r..>........#
###############


You could see Ijyb, a friendly hound (summoned) and a friendly rat (summoned).

Vanquished Creatures
  Crazy Yiuf (D:3)
  An orc (D:3)
  3 giant cockroaches
  3 kobolds
  2 quokkas (D:3)
  A bat (D:3)
  A rat (D:2)
12 creatures vanquished.

Vanquished Creatures (collateral kills)
  Menkaure (D:4)
  Terence (D:3)
  4 adders
  An ooze (D:2)
  2 leopard geckos
  An orc (D:3)
  2 ball pythons
  2 giant cockroaches
  A goblin (D:1)
  3 hobgoblins
  4 frilled lizards
  4 kobolds
  4 rats
30 creatures vanquished.

Grand Total: 42 creatures vanquished

Notes
Turn   | Place    | Note
-------+----------+-------------------------------------------
     0 | D:1      | DoubleLucky the Tengu Summoner began the quest for the Orb.
     0 | D:1      | Reached XP level 1. HP: 10/10 MP: 4/4
   755 | D:2      | Noticed Jessica
   805 | D:2      | Reached skill level 5 in Summonings
  1264 | D:2      | Reached XP level 2. HP: 15/15 MP: 1/6
  1268 | D:2      | Learned a level 2 spell: Call Imp
  1792 | D:2      | Reached XP level 3. HP: 19/19 MP: 2/8
  2116 | D:2      | Found a faded altar of an unknown god.
  2201 | D:2      | Found a shadowy altar of Dithmenos.
  2416 | D:3      | Found an iron altar of Okawaru.
  2416 | D:3      | Noticed Terence
  2441 | D:3      | Killed Terence
  2530 | D:3      | Reached skill level 1 in Polearms
  2530 | D:3      | Reached XP level 4. HP: 23/24 MP: 7/9
  2750 | D:3      | Found a runed translucent door.
  2751 | D:3      | Noticed Crazy Yiuf
  2758 | D:3      | Learned a level 3 spell: Call Canine Familiar
  2771 | D:3      | Killed Crazy Yiuf
  3472 | D:4      | Noticed Menkaure
  3491 | D:4      | Killed Menkaure
  3491 | D:4      | Reached skill level 6 in Summonings
  3491 | D:4      | Gained mutation: You can fly continuously. [Tengu growth]
  3491 | D:4      | Reached XP level 5. HP: 15/28 MP: 0/11
  3935 | D:4      | Noticed Ijyb
  3953 | D:4      | Splashed by Ijyb's acid

Illustrated notes

Levels and vault maps discovered:
D:1:      ncdulo_watergridlock, layout_basic
D:2:      layout_rooms, lemuel_coloured_pillars_altar, lemuel_crystal_altar,
          chequers_ecumenical_altar_twisty, uniq_jessica, uniq_sigmund
D:3:      layout_loops_cross, overflow_temple_1_default, uniq_terence,
          uniq_crazy_yiuf_cottage
D:4:      layout_loops_ring, grunt_gozag_breadcrumbs, zin_angel, uniq_grinder,
          uniq_menkaure, uniq_ijyb

Skill      XL: |  1  2  3  4 |
---------------+-------------+-----
Summonings     | 5 6 |  6.2
Polearms       | 1 2 |  2.1
Spellcasting   | 3 |  3.4
Dodging        | |  2.1
Stealth        | |  2.0

Action                   |  1- 3 |  4- 6 || total
-------------------------+-------+-------++-------
Melee: Hand axe          |    36 |       ||    36
       Peck              |     4 |     2 ||     6
       Kick              |     5 |     4 ||     9
       Spear             |    12 |     1 ||    13
       Trident           |       |    32 ||    32
Throw: Stone             |     2 |     4 ||     6
 Cast: Summon Small Mamm |    43 |    19 ||    62
       Call Imp          |     7 |     4 ||    11
       Call Canine Famil |       |     8 ||     8
 Abil: Fly               |       |     1 ||     1
  Use: Potion            |     1 |       ||     1
       Scroll            |       |     5 ||     5
 Stab: Distracted        |     1 |     1 ||     2
       Sleeping          |       |     1 ||     1
Armor: Robe              |    10 |     4 ||    14
Dodge: Dodged            |    41 |    33 ||    74

Table legend: (Time is in decaauts)
 A = Elapsed time spent in this place.
 B = Non-inter-level travel time spent in this place.
 C = Inter-level travel time spent in this place.
 D = Time resting spent in this place.
 E = Time spent auto-exploring this place.
 F = Levels seen in this place.
 G = Mean time per level.
                   A        B        C        D        E       F      G
               +--------+--------+--------+--------+--------+-----+--------+
         Total |   3967 |   3673 |    294 |    954 |   1758 |   4 |  991.8 |
       Dungeon |   3967 |   3673 |    294 |    954 |   1758 |   4 |  991.8 |
               +--------+--------+--------+--------+--------+-----+--------+

Top non-repeatable levels by time:
     D:3: 1452 daAuts
     D:1: 1431 daAuts
     D:2: 846 daAuts
     D:4: 237 daAuts
